 Dungeon Crawl Stone Soup version 0.23.2 (webtiles) character file.

Game seed: 17237862847183139312

1804 Marnok the Chopper (level 8, -1/100 HPs)
             Began as a Demigod Fighter on Apr 8, 2019.
             Succumbed to a killer bee's poison
             ... on level 7 of the Dungeon.
             The game lasted 00:21:47 (6869 turns).

Marnok the Chopper (Demigod Fighter)                Turns: 6869, Time: 00:21:47

Health: -1/100     AC: 24    Str: 26    XL:     8   Next: 54%
Magic:  11/11      EV:  2    Int: 20    God:
Gold:   113        SH: 11    Dex: 17    Spells: 6/8 levels left

rFire    . . .     SeeInvis +   a - +0 war axe
rCold    . . .     Gourm    .   c - +0 shield
rNeg     + + +     Faith    .   (armour currently unavailable)
rPois    +         Spirit   .   (helmet currently unavailable)
rElec    .         Reflect  .   (cloak currently unavailable)
rCorr    .         Harm     .   (gloves currently unavailable)
MR       ++...     NoTele   +   (boots currently unavailable)
Stlth    ++........             l - amulet of magic regeneration
HPRegen  0.26/turn              g - +5 ring of intelligence
MPRegen  0.37/turn              q - ring of the Mage {Wiz MR++ Int+3}

@: mighty, lethally poisoned (-1 -> -8), tree-form
A: see invisible, high mp 1, MP-powered wands
a: no special abilities


You were on level 7 of the Dungeon.
You were hungry.
You were a tree.
You visited 1 branch of the dungeon, and saw 7 of its levels.

You collected 311 gold pieces.
You spent 198 gold pieces at shops.

Inventory:

Hand Weapons
 a - a +0 war axe (weapon)
Armour
 b - a +2 helmet of see invisible (melded)
 c - a +0 shield (worn)
 d - a +6 scale mail of fire resistance (melded)
 y - a +0 pair of gloves (melded)
Magical Staves
 x - an uncursed staff of cold {unknown}
Jewellery
 e - an uncursed ring of resist corrosion
 g - a +5 ring of intelligence (left branch)
 k - a +3 ring of intelligence
 l - an amulet of magic regeneration (around neck)
 m - an uncursed ring of fire
 q - the ring of the Mage (right branch) {Wiz MR++ Int+3}
   (You found it on level 6 of the Dungeon)

   [ring of wizardry]

   It improves your spell success rate.
   It affects your intelligence (+3).
   It affects your resistance to hostile enchantments.
Wands
 u - a wand of flame (8)
 B - a wand of polymorph (6)
Scrolls
 h - 2 scrolls of enchant armour
 p - a scroll of teleportation {unknown}
 v - 2 scrolls of identify
 w - a scroll of enchant weapon {unknown}
Potions
 i - a potion of haste
 n - a potion of cancellation
 o - a potion of resistance
 r - a potion of flight
 s - a potion of magic
 t - a potion of might
 C - a potion of agility
Comestibles
 f - 11 rations
 A - a chunk of flesh


   Skills:
 + Level 4.4 Fighting
 + Level 6.7 Axes
 + Level 5.1 Armour
 + Level 2.0 Dodging
 + Level 1.8 Stealth
 + Level 5.4 Shields
 + Level 0.5 Spellcasting
 + Level 0.4 Hexes
 + Level 0.3 Necromancy


You had 6 spell levels left.
You knew the following spells:

 Your Spells              Type           Power        Failure   Level  Hunger
a - Confusing Touch       Hex            #.....       21%         1    ##.....
b - Animate Skeleton      Necr           N/A          22%         1    ##.....

Your spell library contained the following spells:

 Spells                   Type           Power        Failure   Level  Hunger
 Apportation              Tloc           #.....       26%         1    ##.....
 Freeze                   Ice            #...         26%         1    ##.....
 Summon Small Mammal      Summ           #...         26%         1    ##.....
 Throw Frost              Conj/Ice       #.....       34%         2    ###....
 Ozocubu's Armour         Chrm/Ice       #.......     56%         3    ####...
 Summon Ice Beast         Ice/Summ       #.......     91%         4    #####..
 Throw Icicle             Conj/Ice       #.......     91%         4    #####..


Dungeon Overview and Level Annotations

Branches:
Dungeon (7/15)
 Temple: D:4-7

Shops:
D:5 (*   D:6 [


Innate Abilities, Weirdness & Mutations

You have an increased reservoir of magic. (+10% MP)
You have supernaturally acute eyesight. (SInv)
You expend magic power (3 MP) to strengthen your wands.
((Your movements are slightly less encumbered by armour. (ER -2)))


Message History

You feel sick.
The killer bee stings you but does no damage. x2
You block the killer bee's attack. The killer bee barely misses you.
Really quaff the potion of lignification?
You turn into a tree.
Your +2 helmet of see invisible melds into your body.
Your +0 pair of gloves melds into your body.
Your +6 scale mail of fire resistance melds into your body.
You feel less resistant to fire.
Your roots penetrate the ground.
You are feeling hungry.
The killer bee stings you.
* * * LOW HITPOINT WARNING * * *
You are more poisoned.
The killer bee poisons you!
The killer bee stings you but does no damage. x2
You block the killer bee's attack.
You miss the killer bee.
The killer bee is severely wounded.
You miss the killer bee.
You die...

...###### #.#......#
........# #........#
...####.# #.......# ...#
#.# #.......#
...####.######.......#
###.............##...# #
#.####......Z.##...# # #.#
#.......y##...# # #.#
#......ly♣#...# # #.#
#.......#.#...# # #.#
#.......#)#...######### #
#.#
#.......#.#...........####
# #.#
#.......#....########.##<.
# #.#
#...................#.....
###.#
#............#......#.....
.Z..#
##.....Z.....#......#.####
#####
#.....Z.....#......#.####


You could see an iguana, 2 killer bees and a friendly iguana skeleton.

Vanquished Creatures
  Menkaure (D:7)
  A phantom (D:5)
  2 ogres
  A centaur (D:5)
  A bullfrog (D:6)
  A scorpion (D:7)
  4 killer bees (D:7)
  3 crimson imps
  2 centaur skeletons
  2 hounds (D:3)
  6 orc priests
  7 orc wizards
  Terence (D:2)
  3 iguanas
  5 worker ants
  A hound zombie (D:7)
  3 gnolls (D:6)
  7 adders
  A shadow imp (D:5)
  3 oozes
  A dart slug (D:1)
  3 worms
  7 leopard geckos
  20 orcs
  11 bats
  7 giant cockroaches
  2 goblins
  8 hobgoblins
  13 jackals
  3 quokkas
  5 frilled lizards
  2 jackal skeletons
  11 kobolds
  9 rats
157 creatures vanquished.

Vanquished Creatures (others)
  A human (D:3)
1 creature vanquished.

Grand Total: 158 creatures vanquished

Notes
Turn   | Place    | Note
-------+----------+-------------------------------------------
     0 | D:1      | Marnok the Demigod Fighter began the quest for the Orb.
     0 | D:1      | Reached XP level 1. HP: 18/18 MP: 3/3
   101 | D:1      | Reached XP level 2. HP: 25/25 MP: 4/4
   149 | D:1      | Reached skill level 2 in Axes
   290 | D:1      | You fall through a shaft!
   313 | D:2      | Reached XP level 3. HP: 26/31 MP: 5/5
   360 | D:2      | Noticed Terence
   372 | D:2      | Killed Terence
   447 | D:2      | Reached XP level 4. HP: 17/38 MP: 6/6
  1088 | D:2      | Found a hazy altar of Hepliaklqana.
  1359 | D:3      | Reached skill level 3 in Axes
  1367 | D:3      | Found an ancient bone altar of Kikubaaqudgha.
  1367 | D:3      | Noticed a human
  1371 | D:3      | Killed a human
  1388 | D:3      | Reached skill level 1 in Dodging
  1389 | D:3      | Reached XP level 5. HP: 38/45 MP: 7/7
  2465 | D:3      | Reached XP level 6. HP: 31/51 MP: 8/8
  2981 | D:4      | Reached skill level 4 in Axes
  3544 | D:4      | HP: 2/52 [hound (1)]
  3849 | D:3      | HP: 1/52 [ogre/+0 giant spiked club (29)]
  3910 | D:3      | HP: 2/52 [ogre/+0 giant spiked club (9)]
  4274 | D:4      | Found a bloodstained altar of Trog.
  4274 | D:4      | Found an opulent altar of Gozag.
  4275 | D:4      | Found a stormy altar of Qazlal.
  4276 | D:4      | Found a shadowy altar of Dithmenos.
  4276 | D:4      | Found an iron altar of Okawaru.
  4327 | D:4      | Reached XP level 7. HP: 32/58 MP: 9/9
  4877 | D:5      | Entered Level 5 of the Dungeon
  4922 | D:5      | Found a sacrificial altar of Ru.
  5041 | D:5      | Reached skill level 5 in Axes
  5100 | D:5      | Found Fialom's Weapon Emporium.
  5210 | D:5      | Reached skill level 1 in Stealth
  5524 | D:5      | Found Qiepy's General Store.
  5533 | D:5      | Bought a +1 helmet of see invisible for 198 gold pieces
  5739 | D:6      | Found the ring of the Mage {Wiz MR++ Int+3}
  5800 | D:6      | Learned a level 1 spell: Confusing Touch
  5802 | D:6      | Learned a level 1 spell: Animate Skeleton
  5918 | D:6      | Found Aliyck's Armour Boutique.
  5963 | D:6      | Reached XP level 8. HP: 66/66 MP: 10/10
  6021 | D:6      | Reached skill level 6 in Axes
  6610 | D:7      | Reached skill level 5 in Armour
  6638 | D:7      | Reached skill level 5 in Shields
  6723 | D:7      | Noticed Menkaure
  6730 | D:7      | Killed Menkaure
  6853 | D:7      | Gained mutation: Your movements are slightly less
                  | encumbered by armour. (ER -2) [potion of mutation]
  6853 | D:7      | Gained mutation: You have supernaturally acute eyesight.
                  | (SInv) [potion of mutation]
  6853 | D:7      | Gained mutation: You expend magic power (3 MP) to
                  | strengthen your wands. [potion of mutation]
  6864 | D:7      | HP: 3/67 [killer bee (6)]
  6867 | D:7      | HP: 1/67 [poisoned by a killer bee]
  6869 | D:7      | Succumbed to a killer bee's poison

Skill      XL: |  1  2  3  4  5  6  7  8 |
---------------+-------------------------+-----
Armour         | 3 4 5 |  5.1
Fighting       | 3 4 |  4.4
Axes           | 2 3 4 5 6 |  6.7
Shields        | 3 4 5 |  5.4
Dodging        | 1 2 |  2.0
Stealth        | 1 |  1.8
Spellcasting   | |  0.5
Hexes          | |  0.4
Necromancy     | |  0.3

Action                   |  1- 3 |  4- 6 |  7- 9 || total
-------------------------+-------+-------+-------++-------
Melee: War axe           |    74 |   248 |   194 ||   516
 Cast: Confusing Touch   |       |       |     4 ||     4
       Animate Skeleton  |       |       |     2 ||     2
  Use: Scroll            |     5 |    10 |     3 ||    18
       Potion            |     2 |     4 |     3 ||     9
 Stab: Paralysed         |       |       |     1 ||     1
       Confused          |       |       |     2 ||     2
  Eat: Chunk             |       |     6 |     7 ||    13
       Ration            |       |     2 |       ||     2
Armor: Scale mail        |    25 |   135 |   151 ||   311
       Skin              |       |       |     2 ||     2
Dodge: Dodged            |    36 |   107 |    98 ||   241
Block: Shield            |    45 |   161 |   167 ||   373
